 Dungeon Crawl Stone Soup version 0.30-a0-778-g2ef04afb54 (webtiles) character file.

Game seed: 6281042112541575918

1 theswoord the Chiller (level 1, -1/15 HPs)
             Began as a Naga Ice Elementalist on Feb 15, 2023.
             Slain by a frilled lizard (2 damage)
             ... on level 1 of the Dungeon.
             The game lasted 00:00:06 (52 turns).

theswoord the Chiller (Naga Ice Elementalist)         Turns: 52, Time: 00:00:07

Health: -1/15      AC:  1    Str: 10    XL:     1   Next: 20%
Magic:  0/3        EV:  9    Int: 15    God:
Gold:   0          SH:  0    Dex: 11    Spells: 3/4 levels left

rFire   . . .      SeeInvis +    (no weapon)
rCold   . . .      Faith    .    (no shield)
rNeg    . . .      Spirit   .    a - +0 robe
rPois   +          Reflect  .    (no helmet)
rElec   .          Harm     .    (no cloak)
rCorr   .          Rampage  .    (no gloves)
Will    .....                    (no barding)
Stlth   ++                       (no amulet)
HPRegen 0.22/turn                (no ring)
MPRegen 0.08/turn                (no ring)

@: very slightly contaminated, very slow
A: AC +0, large, see invisible, deformed body, poison resistance, slowness 2,
spit poison 1, naga tail 1
a: Spit Poison


You were on level 1 of the Dungeon.
You visited 1 branch of the dungeon, and saw 1 of its levels.

Inventory:

Armour
 a - a +0 robe (worn)
Potions
 b - a potion of magic


   Skills:
 - Level 1.5 Dodging
 - Level 3.0 Stealth
 + Level 2.0 Spellcasting
 + Level 4.0 Ice Magic


You had 3 spell levels left.
You knew the following spells:

 Your Spells              Type           Power      Damage    Failure   Level
a - Freeze                Ice            52%        1d6       4%          1

Your spell library contained the following spells:

 Spells                   Type           Power      Damage    Failure   Level
 Frozen Ramparts          Ice            26%        1d4       13%         3
 Ozocubu's Armour         Ice            13%        N/A       13%         3
 Summon Ice Beast         Ice/Summ       7%         N/A       67%         4


Dungeon Overview and Level Annotations

Branches:
Dungeon (1/15)

Altars:


Innate Abilities, Weirdness & Mutations

Your serpentine skin is tough. (AC +0)
You have supernaturally acute eyesight. (SInv)
Armour fits poorly on your strangely shaped body.
Your system is resistant to poisons. (rPois)
You cover ground very slowly.
You can spit poison.
You have a snake-like lower body.


Message History

* * * LOW HITPOINT WARNING * * *
You don't have enough magic to cast this spell.
You hit the frilled lizard but do no damage.
The bat closely misses you. The frilled lizard bites you.
* * * LOW HITPOINT WARNING * * *
You don't have enough magic to cast this spell.
You closely miss the frilled lizard. The bat hits you.
* * * LOW HITPOINT WARNING * * *
The frilled lizard closely misses you.
You don't have enough magic to cast this spell.
You closely miss the frilled lizard. The bat hits you but does no damage.
The frilled lizard bites you.
* * * LOW HITPOINT WARNING * * *
You don't have enough magic to cast this spell.
You barely miss the frilled lizard. The bat hits you.
* * * LOW HITPOINT WARNING * * *
The frilled lizard barely misses you.
Your magical contamination has completely faded away.
You hit the frilled lizard but do no damage.
The bat closely misses you. The frilled lizard closely misses you.
You barely miss the frilled lizard. The bat hits you.
* * * LOW HITPOINT WARNING * * *
The frilled lizard misses you.
Aim: a frilled lizard (heavily wounded)
You miscast Freeze.
You are very lightly contaminated with residual magic.
Nothing appears to happen.
The bat misses you. The frilled lizard barely misses you.
You hit the frilled lizard but do no damage.
The bat barely misses you.
The frilled lizard bites you but does no damage.
You don't have enough magic to cast this spell.
You barely miss the frilled lizard. The bat hits you.
* * * LOW HITPOINT WARNING * * *
The frilled lizard bites you but does no damage.
You don't have enough magic to cast this spell.
You barely miss the frilled lizard. The bat hits you.
* * * LOW HITPOINT WARNING * * *
The frilled lizard bites you.
You die...

## #.#.. #.#.#
#.#.# #.#.##
#....## #
##..l..#.#
#####...b@...#
...........###
#####....##
#############.#.##
..............#.#
#..############.#
##...# #.#
♣♣...♣♣♣ #.#
.......♣♣ #.#


You could see a bat and a frilled lizard.

Vanquished Creatures
  A ball python (D:1)
1 creature vanquished.

Notes
Turn   | Place    | Note
-------+----------+-------------------------------------------
     0 | D:1      | theswoord the Naga Ice Elementalist began the quest for the
                  | Orb.
     0 | D:1      | Reached XP level 1. HP: 15/15 MP: 3/3
    52 | D:1      | Slain by a frilled lizard

Action                     || total
---------------------------++-------
  Melee: Unarmed           ||    14
   Cast: Freeze            ||     2
   Stab: Sleeping          ||     1
 Armour: Robe              ||     6
  Dodge: Dodged            ||    13

Levels and vault maps discovered:
D:1:      amcnicky_arrival_underground_garden, layout_loops_ring,
          dreamdust_ecumenical_altar_angels_and_demons
